General information
- name: BNet
- type: Ladder team game (AT/RT)
- host: Battle.net
- saver: RobinHood
map: Deathknell
- players: 8
- length: 24:20
- speed: Fast
- version: 1.26 W3XP
- replay type: Public
» download(154 KB)
Players
team 1 (winner)
lagoon_mib (
teal | 52 APM | 1261 actions | 24:18)
5 Archmage
2 Summon Water Elemental
3 Brilliance Aura
4 Mountain King
1 Thunder Clap
1 Bash
2 Storm Bolt
4 Paladin
1 Holy Light
2 Divine Shield
1 Devotion Aura
» actions
| Assign group hotkey | 35 | |
| Basic commands | 24 | |
| Build / train | 111 | |
| Enter build submenu | 22 | |
| Enter hero's abilities submenu | 13 | |
| Give item / drop item | 5 | |
| Remove unit from queue | 4 | |
| Right click | 348 | |
| Select / deselect | 236 | |
| Select group hotkey | 333 | |
| Use ability | 130 | |
1261 total
» units
| Peasant | 21 | |
| Footman | 5 | |
| Rifleman | 1 | |
| Gryphon Rider | 3 | |
| Goblin Shredder | 2 | |
| Flying Machine | 1 | |
| Siege Engine | 10 | |
| Knight | 6 | |
49 total
» upgrades
| Masonry | 1 | |
| Gunpowder | 3 | |
| Lumber Harvesting | 2 | |
| Animal War Training | 1 | |
| Storm Hammers | 1 | |
| Armor | 3 | |
| Barrage | 1 | |
| Plating | 1 | |
13 total
» buildings
| Lumber Mill | 1 | |
| Farm | 13 | |
| Altar of Kings | 1 | |
| Barracks | 1 | |
| Blacksmith | 1 | |
| Scout Tower | 2 | |
| Keep | 2 | |
| Town Hall | 1 | |
| Arcane Vault | 2 | |
| Arcane Tower | 2 | |
| Castle | 3 | |
| Gryphon Aviary | 3 | |
| Workshop | 1 | |
33 total
» build order
00:08 Lumber Mill
00:49 Farm
00:55 Altar of Kings
01:07 Barracks
01:15 Farm
01:51 Blacksmith
02:05 Farm
02:15 Farm
02:31 Scout Tower
03:28 Keep
04:24 Town Hall
04:27 Scout Tower
04:35 Arcane Vault
04:41 Arcane Tower
04:54 Arcane Tower
05:12 Arcane Vault
06:04 Castle
06:04 Castle
06:04 Castle
06:41 Farm
08:00 Gryphon Aviary
08:01 Gryphon Aviary
08:02 Gryphon Aviary
08:06 Workshop
08:50 Farm
08:50 Farm
11:35 Farm
11:36 Farm
11:36 Farm
11:37 Farm
11:39 Farm
14:08 Farm
» items
| Scroll of Regeneration | 5 | |
| Lesser Clarity Potion | 3 | |
| Scroll of Town Portal | 5 | |
| Staff of Sanctuary | 3 | |
| Orb of Fire | 1 | |
17 total
RobinHood (
purple | 58 APM | 1424 actions | 24:20)
7 Archmage
3 Summon Water Elemental
3 Brilliance Aura
1 Mass Teleport
» actions
| Assign group hotkey | 70 | |
| Basic commands | 76 | |
| Build / train | 84 | |
| Enter build submenu | 66 | |
| Enter hero's abilities submenu | 7 | |
| Give item / drop item | 2 | |
| Remove unit from queue | 1 | |
| Right click | 425 | |
| Select / deselect | 342 | |
| Select group hotkey | 209 | |
| Use ability | 142 | |
1424 total
» units
| Peasant | 12 | |
| Footman | 5 | |
| Goblin Shredder | 2 | |
| Gryphon Rider | 11 | |
| Goblin Sapper | 4 | |
34 total
» upgrades
| Masonry | 3 | |
| Swords | 3 | |
| Animal War Training | 1 | |
| Armor | 3 | |
| Storm Hammers | 1 | |
| Cloud | 1 | |
12 total
» buildings
| Altar of Kings | 1 | |
| Barracks | 1 | |
| Farm | 12 | |
| Scout Tower | 44 | |
| Arcane Tower | 2 | |
| Arcane Vault | 1 | |
| Town Hall | 3 | |
| Keep | 1 | |
| Lumber Mill | 1 | |
| Castle | 1 | |
| Gryphon Aviary | 4 | |
| Blacksmith | 2 | |
| Guard Tower | 9 | |
82 total
» build order
00:41 Altar of Kings
00:42 Barracks
00:50 Farm
00:52 Farm
01:04 Farm
01:33 Farm
02:03 Scout Tower
02:56 Arcane Tower
03:34 Arcane Vault
04:16 Town Hall
04:24 Keep
05:01 Lumber Mill
06:10 Scout Tower
06:11 Scout Tower
06:11 Scout Tower
06:12 Scout Tower
06:13 Scout Tower
06:57 Castle
07:58 Gryphon Aviary
07:59 Gryphon Aviary
07:59 Gryphon Aviary
08:00 Gryphon Aviary
08:14 Blacksmith
08:28 Blacksmith
09:02 Farm
12:27 Guard Tower
14:13 Scout Tower
14:13 Scout Tower
15:27 Scout Tower
15:28 Scout Tower
15:28 Scout Tower
15:31 Scout Tower
15:34 Scout Tower
15:36 Scout Tower
15:37 Scout Tower
15:42 Scout Tower
15:43 Scout Tower
15:46 Scout Tower
15:50 Scout Tower
16:05 Guard Tower
16:25 Guard Tower
16:42 Guard Tower
16:52 Farm
16:54 Farm
16:56 Farm
16:58 Farm
19:03 Scout Tower
19:03 Scout Tower
19:04 Scout Tower
19:10 Scout Tower
19:12 Scout Tower
19:51 Guard Tower
19:57 Town Hall
20:00 Scout Tower
20:00 Scout Tower
20:00 Scout Tower
20:01 Scout Tower
20:06 Scout Tower
20:06 Scout Tower
20:07 Scout Tower
20:08 Scout Tower
20:11 Scout Tower
20:29 Guard Tower
20:31 Guard Tower
20:49 Farm
20:49 Farm
20:50 Farm
21:09 Guard Tower
23:07 Arcane Tower
23:21 Town Hall
23:24 Scout Tower
23:24 Scout Tower
23:24 Scout Tower
23:25 Scout Tower
23:28 Scout Tower
23:30 Scout Tower
23:30 Scout Tower
23:30 Scout Tower
23:31 Scout Tower
23:41 Scout Tower
23:42 Scout Tower
24:11 Guard Tower
» items
| Scroll of Regeneration | 5 | |
| Mechanical Critter | 6 | |
| Scroll of Town Portal | 3 | |
| Potion of Healing | 1 | |
| Lesser Clarity Potion | 1 | |
16 total

»
knightwhoseznih (
red | 49 APM | 1203 actions | 24:18)
4 Mountain King
1 Thunder Clap
1 Bash
2 Storm Bolt
2 Paladin
1 Holy Light
1 Devotion Aura
» actions
| Assign group hotkey | 22 | |
| Build / train | 92 | |
| Enter build submenu | 31 | |
| Enter hero's abilities submenu | 6 | |
| Remove unit from queue | 1 | |
| Right click | 551 | |
| Select / deselect | 268 | |
| Select group hotkey | 163 | |
| Use ability | 69 | |
1203 total
» units
| Peasant | 26 | |
| Footman | 13 | |
| Knight | 6 | |
| Rifleman | 2 | |
| Siege Engine | 7 | |
| Mortar Team | 2 | |
56 total
» upgrades
| Defend | 1 | |
| Plating | 3 | |
| Swords | 3 | |
| Masonry | 1 | |
| Lumber Harvesting | 2 | |
| Animal War Training | 1 | |
| Long Rifles | 1 | |
| Armor | 3 | |
| Gunpowder | 2 | |
| Barrage | 1 | |
| Fragmentation Shards | 1 | |
19 total
» buildings
| Altar of Kings | 1 | |
| Farm | 12 | |
| Barracks | 3 | |
| Lumber Mill | 1 | |
| Blacksmith | 1 | |
| Arcane Vault | 1 | |
| Scout Tower | 2 | |
| Guard Tower | 1 | |
| Keep | 1 | |
| Town Hall | 3 | |
| Castle | 1 | |
| Workshop | 2 | |
29 total
» build order
00:25 Altar of Kings
00:26 Farm
00:28 Barracks
01:12 Farm
01:44 Lumber Mill
02:53 Farm
04:48 Farm
04:52 Blacksmith
04:56 Arcane Vault
05:15 Farm
05:37 Farm
06:17 Scout Tower
06:21 Scout Tower
07:48 Guard Tower
07:49 Keep
09:21 Town Hall
10:04 Town Hall
10:20 Castle
11:12 Barracks
11:13 Barracks
16:14 Workshop
16:46 Workshop
18:07 Farm
18:07 Farm
18:08 Farm
18:09 Farm
18:16 Farm
18:59 Farm
23:24 Town Hall
» items
| Scroll of Regeneration | 1 | |
| Lesser Clarity Potion | 1 | |
| Scroll of Town Portal | 2 | |
| Orb of Fire | 1 | |
5 total
archmage88 (
green | 23 APM | 552 actions | 24:18)
3 Mountain King
2 Storm Bolt
1 Thunder Clap
» actions
| Build / train | 55 | |
| Enter build submenu | 32 | |
| Enter hero's abilities submenu | 3 | |
| Right click | 139 | |
| Select / deselect | 269 | |
| Use ability | 53 | |
552 total
» units
| Peasant | 11 | |
| Footman | 13 | |
| Knight | 1 | |
| Goblin Shredder | 1 | |
| Rifleman | 3 | |
29 total
» upgrades
| Defend | 1 | |
| Swords | 1 | |
| Plating | 1 | |
| Masonry | 1 | |
| Long Rifles | 1 | |
| Armor | 2 | |
| Gunpowder | 2 | |
9 total
» buildings
| Altar of Kings | 1 | |
| Barracks | 3 | |
| Farm | 7 | |
| Keep | 1 | |
| Lumber Mill | 1 | |
| Blacksmith | 1 | |
| Scout Tower | 14 | |
| Guard Tower | 9 | |
| Castle | 1 | |
| Arcane Vault | 1 | |
39 total
» build order
00:07 Altar of Kings
00:14 Barracks
00:17 Farm
01:01 Farm
01:52 Farm
02:51 Farm
03:37 Farm
03:51 Keep
04:17 Farm
04:59 Lumber Mill
05:07 Blacksmith
05:11 Scout Tower
06:16 Guard Tower
06:27 Scout Tower
08:20 Castle
08:37 Barracks
08:50 Arcane Vault
10:03 Scout Tower
10:07 Scout Tower
10:35 Scout Tower
10:37 Guard Tower
10:39 Guard Tower
10:41 Scout Tower
11:57 Scout Tower
12:29 Guard Tower
12:32 Scout Tower
12:54 Farm
13:06 Guard Tower
13:12 Barracks
13:41 Scout Tower
14:55 Guard Tower
14:59 Scout Tower
15:08 Scout Tower
15:47 Guard Tower
15:51 Scout Tower
15:55 Scout Tower
16:46 Guard Tower
17:09 Scout Tower
17:53 Guard Tower
» items
team 2 (loser)

»
loopy (
orange | 48 APM | 1088 actions | 22:39)
5 Death Knight
3 Death Coil
2 Unholy Aura
4 Lich
2 Frost Nova
2 Frost Armor
» actions
| Assign group hotkey | 25 | |
| Basic commands | 8 | |
| Build / train | 67 | |
| Enter build submenu | 17 | |
| Enter hero's abilities submenu | 9 | |
| Remove unit from queue | 3 | |
| Right click | 328 | |
| Select / deselect | 266 | |
| Select group hotkey | 309 | |
| Use ability | 56 | |
1088 total
» units
| Acolyte | 16 | |
| Ghoul | 4 | |
| Crypt Fiend | 7 | |
| Gargoyle | 5 | |
| Frost Wyrm | 3 | |
35 total
» upgrades
| Creature Attack | 2 | |
| Creature Carapace | 2 | |
| Web | 1 | |
| Freezing Breath | 1 | |
6 total
» buildings
| Ziggurat | 7 | |
| Altar of Darkness | 1 | |
| Crypt | 1 | |
| Graveyard | 1 | |
| Tomb of Relics | 1 | |
| Halls of the Dead | 1 | |
| Nerubian Tower | 1 | |
| Spirit Tower | 3 | |
| Black Citadel | 1 | |
| Necropolis | 1 | |
| Sacrificial Pit | 1 | |
| Boneyard | 2 | |
21 total
» build order
00:37 Ziggurat
00:39 Altar of Darkness
00:46 Crypt
01:03 Graveyard
01:20 Tomb of Relics
01:28 Ziggurat
03:48 Ziggurat
05:12 Halls of the Dead
05:37 Nerubian Tower
05:39 Spirit Tower
06:15 Ziggurat
09:50 Black Citadel
10:26 Necropolis
11:44 Sacrificial Pit
13:04 Boneyard
13:06 Boneyard
13:48 Spirit Tower
13:50 Spirit Tower
17:00 Ziggurat
17:17 Ziggurat
18:04 Ziggurat
» items
| Rod of Necromancy | 1 | |
| Scroll of Town Portal | 2 | |
| Potion of Healing | 2 | |
| Orb of Corruption | 1 | |
| Potion of Mana | 1 | |
7 total
epic_hero (
yellow | 39 APM | 940 actions | 24:18)
4 Goblin Tinker
2 Pocket Factory
2 Engineering Upgrade
3 Priestess of the Moon
2 Trueshot Aura
1 Searing Arrows
» actions
| Assign group hotkey | 17 | |
| Basic commands | 75 | |
| Build / train | 55 | |
| ESC pressed | 1 | |
| Enter build submenu | 24 | |
| Enter hero's abilities submenu | 7 | |
| Give item / drop item | 3 | |
| Right click | 366 | |
| Select / deselect | 219 | |
| Select group hotkey | 135 | |
| Use ability | 38 | |
940 total
» units
» upgrades
| Strength of the Moon | 1 | |
| Moon Armor | 1 | |
| Strength of the Wild | 3 | |
| Reinforced Hides | 3 | |
| Corrosive Breath | 1 | |
9 total
» buildings
| Moon Well | 6 | |
| Ancient of War | 1 | |
| Altar of Elders | 1 | |
| Ancient of Wonders | 2 | |
| Hunter's Hall | 1 | |
| Tree of Ages | 1 | |
| Tree of Life | 1 | |
| Tree of Eternity | 1 | |
| Ancient of Wind | 1 | |
| Chimaera Roost | 6 | |
21 total
» build order
00:20 Moon Well
00:34 Ancient of War
01:07 Moon Well
01:28 Altar of Elders
02:12 Ancient of Wonders
03:01 Moon Well
03:39 Hunter's Hall
05:04 Tree of Ages
05:54 Moon Well
05:56 Moon Well
07:03 Tree of Life
08:06 Tree of Eternity
08:11 Ancient of Wind
09:45 Moon Well
10:34 Chimaera Roost
10:34 Chimaera Roost
10:35 Chimaera Roost
11:39 Chimaera Roost
11:44 Chimaera Roost
11:46 Chimaera Roost
20:22 Ancient of Wonders
» items

»
KillahCDN (
blue | 30 APM | 710 actions | 23:44)
5 Death Knight
3 Death Coil
2 Unholy Aura
4 Lich
2 Frost Nova
2 Dark Ritual
» actions
| Assign group hotkey | 9 | |
| Basic commands | 26 | |
| Build / train | 74 | |
| Enter build submenu | 17 | |
| Enter hero's abilities submenu | 9 | |
| Right click | 162 | |
| Select / deselect | 225 | |
| Select group hotkey | 117 | |
| Use ability | 71 | |
710 total
» units
| Acolyte | 7 | |
| Ghoul | 13 | |
| Necromancer | 12 | |
| Obsidian Statue | 2 | |
| Abomination | 9 | |
| Crypt Fiend | 1 | |
44 total
» upgrades
| Unholy Armor | 3 | |
| Unholy Strength | 2 | |
| Skeletal Longevity | 1 | |
| Web | 1 | |
| Skeletal Mastery | 1 | |
| Disease Cloud | 1 | |
| Necromancer Training | 2 | |
11 total
» buildings
| Altar of Darkness | 1 | |
| Crypt | 1 | |
| Ziggurat | 11 | |
| Tomb of Relics | 1 | |
| Graveyard | 1 | |
| Halls of the Dead | 2 | |
| Necropolis | 1 | |
| Black Citadel | 1 | |
| Temple of the Damned | 1 | |
| Slaughterhouse | 1 | |
| Spirit Tower | 4 | |
25 total
» build order
00:15 Altar of Darkness
00:21 Crypt
00:36 Ziggurat
00:55 Ziggurat
01:10 Tomb of Relics
01:45 Graveyard
04:10 Halls of the Dead
06:10 Necropolis
07:28 Black Citadel
07:31 Temple of the Damned
07:34 Slaughterhouse
08:33 Ziggurat
09:07 Ziggurat
09:40 Spirit Tower
09:54 Ziggurat
10:43 Spirit Tower
10:45 Halls of the Dead
11:40 Spirit Tower
11:43 Ziggurat
11:46 Ziggurat
12:38 Ziggurat
12:39 Ziggurat
12:40 Ziggurat
13:50 Spirit Tower
18:35 Ziggurat
» items

»
Le504 (
pink | 42 APM | 1005 actions | 23:41)
5 Demon Hunter
1 Immolation
2 Mana Burn
2 Evasion
» actions
| Assign group hotkey | 17 | |
| Basic commands | 45 | |
| Build / train | 64 | |
| Enter build submenu | 18 | |
| Enter hero's abilities submenu | 5 | |
| Remove unit from queue | 1 | |
| Right click | 476 | |
| Select / deselect | 255 | |
| Select group hotkey | 87 | |
| Use ability | 37 | |
1005 total
» units
| Wisp | 15 | |
| Archer | 10 | |
| Huntress | 4 | |
| Dryad | 14 | |
| Hippogryph | 9 | |
52 total
» upgrades
| Strength of the Wild | 2 | |
| Abolish Magic | 1 | |
3 total
» buildings
| Altar of Elders | 1 | |
| Moon Well | 7 | |
| Ancient of War | 1 | |
| Hunter's Hall | 1 | |
| Tree of Ages | 1 | |
| Ancient of Lore | 2 | |
| Tree of Life | 2 | |
| Ancient of Wind | 1 | |
| Ancient of Wonders | 1 | |
| Tree of Eternity | 1 | |
18 total
» build order
00:08 Altar of Elders
00:14 Moon Well
00:33 Ancient of War
01:41 Moon Well
02:52 Moon Well
03:46 Hunter's Hall
04:33 Tree of Ages
05:09 Moon Well
07:51 Moon Well
08:07 Ancient of Lore
11:09 Tree of Life
11:47 Ancient of Wind
12:52 Ancient of Lore
13:41 Moon Well
15:45 Moon Well
15:53 Tree of Life
19:06 Ancient of Wonders
21:12 Tree of Eternity
Chat log
(00:12 / Allies) lagoon_mib: hi
(00:47 / Allies) RobinHood: what races are they
(00:55 / All) knightwhoseznih: racist!
(01:03 / All) knightwhoseznih: whoops, not for all
(01:03 / Allies) lagoon_mib: 1 ne, 3 random
(01:23 / All) archmage88: not funny
(06:33 / Allies) lagoon_mib: need wood pls
(06:50 / Allies) lagoon_mib: tp all
(06:52 / Allies) RobinHood: call to arms
(07:24 / Allies) RobinHood: take pot
(07:25 / Allies) RobinHood: take pot
(07:35 / Allies) knightwhoseznih: tyty
(08:10 / Allies) knightwhoseznih: everyone give green some gold
(08:17 / Allies) lagoon_mib: upgrade main green pls
(09:40 / Allies) lagoon_mib: 100 wood pls
(09:52 / Allies) lagoon_mib: x
(10:15 / Allies) lagoon_mib: meet purp pls
(10:16 / Allies) knightwhoseznih: fuckers creeped our shit
(12:25 / All) lagoon_mib: :)
(13:45 / Allies) knightwhoseznih: green???
(13:46 / Allies) knightwhoseznih: help
(13:57 / Allies) RobinHood: this easier
(14:24 / Allies) lagoon_mib: main pls
(14:58 / Allies) RobinHood: out
(15:02 / Allies) lagoon_mib: k
(15:47 / Allies) lagoon_mib: need gold pls
(15:54 / Allies) lagoon_mib: purp share 2k gold pls
(15:57 / Allies) lagoon_mib: i really need it
(16:00 / Allies) lagoon_mib: and you dont use it
(16:05 / Allies) lagoon_mib: purp plsssssssssssssssss
(16:21 / Allies) RobinHood: i might not notice chat
(16:22 / Allies) lagoon_mib: more pls
(16:23 / Allies) lagoon_mib: more
(16:31 / Allies) knightwhoseznih: teal
(16:32 / Allies) knightwhoseznih: lumber
(16:33 / Allies) knightwhoseznih: now
(17:06 / Allies) knightwhoseznih: green upgrade ur units..
(17:15 / Allies) lagoon_mib: purple. you really suck
(17:18 / Allies) lagoon_mib: you dont use gold
(17:23 / Allies) lagoon_mib: why you dont share?
(17:26 / Allies) lagoon_mib: i dont have enough
(17:30 / Allies) RobinHood: why are you nagging me bro
(17:35 / Allies) lagoon_mib: heal main greebn
(17:38 / Allies) RobinHood: I'm staying under tax for a reason
(17:52 / Allies) lagoon_mib: cause you fuck up the fun purple asshole
(18:01 / Allies) RobinHood: ?
(18:08 / Allies) RobinHood: don't go red and you'd ahve gold
(18:11 / Allies) lagoon_mib: you really suck purple
(18:28 / Allies) RobinHood: Why should I give you gold when you're in red retard?
(18:39 / Allies) lagoon_mib: in red??
(18:42 / Allies) lagoon_mib: what do you mean?
(18:42 / Allies) RobinHood: tax
(18:47 / Allies) RobinHood: you only get 3 for every gold I'd give you
(18:49 / Allies) RobinHood: every 10
(19:01 / Allies) lagoon_mib: ??????
(19:05 / Allies) knightwhoseznih: what a jew lol
(19:08 / Allies) knightwhoseznih: hes talking about upkeep
(19:08 / Allies) RobinHood: look at your food and hover over
(19:14 / Allies) knightwhoseznih: u need an army to win moron
(19:15 / Allies) knightwhoseznih: share gold
(19:19 / Allies) lagoon_mib: now think good iidot
(19:28 / Allies) RobinHood: ]why share gold with upkeep fucking idiots?
(19:44 / Allies) knightwhoseznih: were the ones winning the game
(19:46 / Allies) RobinHood: you have more expos than me you fucking douche
(20:11 / Allies) lagoon_mib: b
(20:16 / Allies) lagoon_mib: purp
(20:25 / Allies) knightwhoseznih: purp thinks hes gonna win with 6 units
(20:29 / Allies) lagoon_mib: y
(20:33 / Allies) lagoon_mib: he is a superidiot
(20:37 / Allies) RobinHood: red is less than 50%
(20:38 / Allies) RobinHood: this is why
(20:44 / Allies) lagoon_mib: not using gold is supercool for him
(20:47 / Allies) knightwhoseznih: CAUSE I JUST LOST ALL MY UNITS MORON
(20:59 / Allies) RobinHood: that's why you're 50% record?
(21:07 / Allies) knightwhoseznih: lol he thinks record = skill
(21:08 / Allies) lagoon_mib: i know what i have to fo
(21:10 / Allies) knightwhoseznih: what a fucking idiot
(21:13 / Allies) lagoon_mib: #do
(21:15 / Allies) knightwhoseznih: just TK him
(21:25 / Allies) knightwhoseznih: such a dipshit
(21:28 / Allies) lagoon_mib: team. you think the same? we lost?
(21:38 / Allies) RobinHood: if you are less than 50% are 200 games you're garbage
(21:40 / Allies) lagoon_mib: with purp 6 units and mass tower we have no chance right?
(21:43 / Allies) knightwhoseznih: gotta tp to me now
(21:55 / Allies) lagoon_mib: last fight
(21:56 / Allies) knightwhoseznih: bet u i have a higher score than u retard
(21:58 / Allies) lagoon_mib: after that i tk purp
(22:02 / Allies) RobinHood: so what
(22:05 / All) knightwhoseznih: go purp with 6 units
(23:25 / Allies) RobinHood: lumbers
(23:30 / Allies) knightwhoseznih: fuck you
(23:33 / Allies) RobinHood: lol
(23:55 / All) archmage88: we win?
(23:58 / Allies) lagoon_mib: y
(24:04 / 6) RobinHood: stay i will tk
(24:07 / All) archmage88: how?
(24:15 / 6) RobinHood: stay I will tk